 Dungeon Crawl Stone Soup version 0.20.0-15-g7f486f2 (webtiles) character file.

30 Zachthehappycat the Vexing (level 3, 0/28 HPs)
             Began as a Centaur Arcane Marksman on June 29, 2017.
             Slain by an adder (3 damage)
             ... on level 4 of the Dungeon.
             The game lasted 00:08:58 (1643 turns).

Zachthehappycat the Vexing (CeAM)                   Turns: 1643, Time: 00:08:59

Health: 0/28       AC:  4    Str: 12    XL:     3   Next: 3%
Magic:  4/4        EV:  9    Int: 12    God:
Gold:   25         SH:  0    Dex: 10    Spells: 3/4 levels left

rFire    . . .     SeeInvis .   b - +0 dagger (curse)
rCold    . . .     Gourm    .   (no shield)
rNeg     . . .     Faith    .   g - +0 leather armour
rPois    .         Spirit   .   (no helmet)
rElec    .         Reflect  .   (no cloak)
rCorr    .         Harm     .   (no gloves)
MR       .....                  (no barding)
Stlth    ..........             (no amulet)
Regen    0.1/turn               l - ring of flight
MPRegen  0.1/turn               (no ring)

@: very slightly contaminated, slowed
A: hooves 3, deformed body, speed 2, tough skin 3
a: Evoke Flight


You were on level 4 of the Dungeon.
You were not hungry.

You visited 1 branch of the dungeon, and saw 3 of its levels.

You collected 25 gold pieces.

Inventory:

Hand Weapons
 a - a +0 shortbow
 b - a cursed +0 dagger (weapon)
Missiles
 d - 53 arrows
 i - 26 stones (quivered)
Armour
 e - a +0 robe
 g - a +0 leather armour (worn)
Jewellery
 l - a ring of flight (left hand)
Potions
 h - a potion of degeneration {unknown}
 n - a potion of curing {unknown}
 o - 2 potions of mutation
Books
 c - a book of Debilitation

   Spells                             Type                      Level
   a - Corona                         Hexes                        1
   b - Slow                           Hexes                        2
   c - Inner Flame                    Hexes/Fire                   3
   d - Portal Projectile              Hexes/Translocation          3
   e - Cause Fear                     Hexes                        4
   f - Leda's Liquefaction            Hexes/Earth                  4
Comestibles
 f - a bread ration
 j - a chunk of flesh
 m - a meat ration


   Skills:
 + Level 1.5 Fighting
 + Level 0.5 Short Blades
 + Level 2.9 Bows
 + Level 0.2 Throwing
 + Level 0.4 Armour
 + Level 1.6 Dodging
 + Level 1.0 Spellcasting
 + Level 3.0 Hexes


You had 3 spell levels left.
You knew the following spells:

 Your Spells              Type           Power        Failure   Level  Hunger
a - Corona                Hex            #......      11%         1    ##.....


Dungeon Overview and Level Annotations

Branches:
Dungeon (2/15)

Altars:


Innate Abilities, Weirdness & Mutations

You have hooves in place of feet.
Armour fits poorly on your strangely shaped body.
You cover ground very quickly.
You have extremely tough skin. (AC +3)


Message History

Okay, then.
Unknown command.
Put on which piece of jewellery? (? for menu, Esc to quit)
Okay, then.
Casting: Corona
Confirm with . or Enter, or press ? or * to list all spells.
Okay, then.
Okay, then.
There are monsters nearby!
There are monsters nearby!
The orc wizard points at you and mumbles some strange words.
The magic dart hits you!
* * * LOW HITPOINT WARNING * * *
You fail to use your ability.
You fail to use your ability.
The adder bites you.
* * * LOW HITPOINT WARNING * * *
The orc wizard casts a spell.
The orc wizard blinks!
The worker ant closely misses you. The orc closely misses you.
The adder bites you.
You die...

......#
.....# .(..#
#...## ....#
#h..# #...#
#aS.##
##@..# #oo.#
#.o..#
#....#
##...ยง##
##.....?#
........#
...#....###
........o.##


You could see a howler monkey, a worker ant, an orc wizard, an adder and 2 orcs.

Vanquished Creatures
  2 dart slugs (D:1)
  2 ball pythons (D:1)
  4 bats (D:1)
  A giant cockroach (D:1)
  3 goblins (D:1)
  3 hobgoblins (D:1)
  3 frilled lizards (D:1)
  6 kobolds (D:1)
  A rat (D:1)
25 creatures vanquished.

Notes
Turn   | Place    | Note
-------+----------+-------------------------------------------
     0 | D:1      | Zachthehappycat the Centaur Arcane Marksman began the quest for the Orb.
     0 | D:1      | Reached XP level 1. HP: 16/16 MP: 2/2
   212 | D:1      | Reached XP level 2. HP: 20/23 MP: 3/3
  1261 | D:1      | Reached XP level 3. HP: 28/28 MP: 4/4
  1537 | D:1      | Reached skill level 3 in Hexes
  1627 | D:2      | You fall through a shaft for 2 floors!
  1643 | D:4      | Slain by an adder

Skill      XL: |  1  2  3 |
---------------+----------+-----
Hexes          | 3 |  3.0
Fighting       | |  1.5
Short Blades   | |  0.5
Bows           | |  2.9
Throwing       | |  0.2
Armour         | |  0.4
Dodging        | |  1.6
Spellcasting   | |  1.0

Action                   || total
-------------------------++-------
Melee: Dagger            ||   113
       Kick              ||    19
       Shortbow          ||     1
 Fire: Shortbow          ||     2
Throw: Stone             ||    13
  Use: Scroll            ||     2
  Eat: Chunk             ||     1
Armor: Leather armour    ||    31
       Robe              ||     9
Dodge: Dodged            ||    59
